Map: Tokamak LE

Players

jeannysu

  • Race: Protoss Protoss
  • Spawn Location: 1:00

VOD

Have the link to the VOD?

Description

Time

  • Played on: Sept. 5, 2025, 4:54 a.m.
  • Length: 15:56
Show
View Real Time Build Order
Export as new Build Order

jeannysu Protoss 

Build Orders:  

Get SALT Encoding   

  12  0:00  Probe (Chrono Boost)  
  13  0:11  Probe (Chrono Boost)  
  14  0:25  Pylon  
  14  0:32  Probe (Chrono Boost)  
  15  0:51  Gateway  
  15  0:58  Assimilator  
  15  1:04  Probe (Chrono Boost)  
  17  1:20  Probe (Chrono Boost)  
  17  1:27  Pylon  
  17  1:32  Probe (Chrono Boost)  
  18  1:43  Probe (Chrono Boost)  
  19  1:58  Probe (Chrono Boost)  
  20  2:04  Cybernetics Core  
  20  2:15  Probe (Chrono Boost)  
  22  2:32  Probe (Chrono Boost)  
  22  2:46  Nexus  
  22  3:04  Twilight Council  
  22  3:12  Assimilator  
  24  3:33  Probe (Chrono Boost)  
  25  3:43  Gateway  
  25  3:45  Gateway  
  25  4:04  Unknown  
  25  4:11  Assimilator  
  25  4:28  Sentry  
  27  4:31  Probe x2 (Chrono Boost)  
  29  4:48  Probe x2 (Chrono Boost)  
  31  4:52  Unknown  
  31  5:00  Warp Gate  
  31  5:05  Probe x2 (Chrono Boost)  
  31  5:07  Pylon  
  33  5:19  Unknown  
  34  5:22  Probe (Chrono Boost)  
  34  5:24  Stalker  
  36  5:33  Probe (Chrono Boost)  
  36  5:38  Probe (Chrono Boost)  
  38  5:42  Robotics Facility  
  38  5:48  Forge  
  39  5:50  Phoenix, Probe (Chrono Boost)  
  39  5:53  Forge  
  39  5:58  Unknown  
  39  6:00  Pylon  
  39  6:04  Blink  
  41  6:11  Probe x2 (Chrono Boost)  
  41  6:12  Assimilator  
  41  6:28  Probe x2 (Chrono Boost)  
  43  6:40  Zealot x3  
  43  6:45  Probe (Chrono Boost)  
  50  7:05  Gateway, Probe x2 (Chrono Boost)  
  50  7:07  Gateway  
  52  7:13  Immortal  
  56  7:24  Stalker  
  56  7:25  Stalker  
  60  7:45  Pylon  
  60  7:50  Protoss Ground Armor Level 1, Protoss Ground Weapons Level 1  
  60  7:57  Probe (Chrono Boost)  
  60  8:07  Probe (Chrono Boost)  
  60  8:09  Pylon, Probe (Chrono Boost)  
  62  8:17  Charge  
  63  8:22  Probe (Chrono Boost)  
  63  8:24  Probe (Chrono Boost)  
  63  8:28  Warp Prism  
  67  8:32  Zealot  
  67  8:36  Phoenix  
  67  8:38  Zealot  
  67  8:39  Probe (Chrono Boost)  
  73  8:41  Probe (Chrono Boost)  
  73  8:42  Sentry x2  
  73  8:45  Templar Archives  
  77  8:56  Probe (Chrono Boost)  
  78  9:13  Nexus  
  78  9:24  Shield Battery  
  78  9:41  Pylon  
  78  9:42  Pylon  
  78  9:45  Pylon  
  78  9:47  Pylon  
  78  9:49  Pylon  
  78  9:52  Pylon  
  78  10:10  High Templar x3  
  78  10:11  High Templar  
  78  10:13  Zealot  
  78  10:16  Archon x2  
  88  10:33  Shield Battery  
  88  10:39  Nexus  
  88  10:47  Pylon  
  88  10:48  Probe (Chrono Boost)  
  88  10:49  Probe (Chrono Boost)  
  90  10:50  Zealot  
  90  10:52  Immortal  
  96  11:05  Probe (Chrono Boost)  
  96  11:06  Probe (Chrono Boost)  
  96  11:09  Protoss Ground Weapons Level 2  
  98  11:16  Shield Battery  
  98  11:20  Shield Battery  
  98  11:22  Probe (Chrono Boost)  
  98  11:23  Probe (Chrono Boost)  
  98  11:24  Shield Battery  
  98  11:29  Photon Cannon  
  100  11:34  Probe (Chrono Boost)  
  100  11:39  Pylon, Probe x2 (Chrono Boost)  
  103  11:47  Stalker  
  103  11:48  Stalker x2  
  110  11:51  Probe (Chrono Boost)  
  110  11:54  Zealot x2  
  114  12:08  Probe (Chrono Boost)  
  115  12:25  Psionic Storm  
  115  12:28  Warp Prism  
  117  12:36  Assimilator  
  117  12:38  Assimilator  
  117  12:42  Protoss Ground Armor Level 2  
  117  12:46  Zealot x2  
  117  12:47  Zealot x3  
  127  13:08  Probe x2 (Chrono Boost)  
  127  13:09  Probe x2 (Chrono Boost)  
  129  13:25  Probe x2 (Chrono Boost)  
  129  13:26  Probe x2 (Chrono Boost)  
  133  13:38  Zealot  
  133  13:39  Zealot x4  
  142  13:42  Probe x3 (Chrono Boost)  
  128  14:04  Probe (Chrono Boost)  
  128  14:05  Probe x2 (Chrono Boost)  
  131  14:12  Gateway  
  131  14:14  Gateway  
  131  14:16  Gateway  
  131  14:20  Gateway  
  131  14:25  Pylon  
  131  14:28  Gateway  
  131  14:36  Gateway  
  131  14:37  High Templar x5  
  141  14:42  Archon x2  
  141  15:02  Probe x2 (Chrono Boost)  
  141  15:03  Probe x2 (Chrono Boost)  
  141  15:07  Assimilator  
  141  15:08  Assimilator  
  141  15:19  Probe x2 (Chrono Boost)  
  125  15:29  Zealot x5  
Tags
 
Matchup
Co-op
Replay Pack
새 폴더
Add a new tag
Caveats
  • Supply blocks, unpowered buildings, or Contaminate may cause inaccurate times.
  • Supply counts are checked every 10 seconds.